 Dungeon Crawl Stone Soup version 0.31-a0-1611-g890cdf5 (webtiles) character file.

Game seed: 2619848330868951320

16454 PidgeyThePirate the Grappler (level 12, -4/94 HPs)
             Began as a Demonspawn Chaos Knight on Jan 8, 2024.
             Was a Plaything of Xom.
             Killed from afar by Azrael (29 damage)
             ... with damnation
             ... on level 12 of the Dungeon.
             The game lasted 00:28:41 (10739 turns).

PidgeyThePirate the Grappler (DsCK)                Turns: 10739, Time: 00:28:42

Health: -4/94      AC: 13    Str: 18    XL:     12   Next: 10%
Magic:  12/12      EV: 13    Int: 28    God:    Xom [....*.]
Gold:   757        SH:  5    Dex: 11    Spells: 11/11 levels left

rFire   + +          .
                       - Unarmed
rCold   + + .        (no shield)
rNeg    . . .        E - +2 ring mail {rF+}
rPois   +            (no helmet)
rElec   +            (no cloak)
rCorr   .            z - +1 pair of gloves of Jopuhicw {Regen+}
SInv    .            (no boots)
Will    .....        c - amulet of reflection
Stlth   +++++        s - +6 ring of intelligence
HPRegen 1.15/turn    n - ring of fire
MPRegen 0.13/turn

%: reflection
@: no status effects
A: icy blue scales 2, ignite blood 3, demonic touch 2, talons 2, thin skeletal
structure 1, camouflage 1, clever 2, cold resistance 3, poison resistance,
robust 1, electricity resistance, strong 1, wild magic 1, MP-powered wands
a: Renounce Religion


You were on level 12 of the Dungeon.
You worshipped Xom.
You were a beloved toy of Xom.
You visited 1 branch of the dungeon, and saw 12 of its levels.
You also visited: Bailey.

You collected 757 gold pieces.

Inventory:

Hand Weapons
 M - a +5 rapier of venom
Missiles
 I - 3 darts of dispersal (quivered)
Armour
 a - a +2 leather armour
 e - the +0 pair of gloves "Uzodyrgh" {-Tele rElec rF++ rN+}
   (You found it on level 4 of the Dungeon)

   rF++:      It greatly protects you from fire.
   rElec:     It insulates you from electricity.
   rN+:       It protects you from negative energy.
   -Tele:     It prevents most forms of teleportation.
 u - a +0 plate armour
 z - the +1 pair of gloves of Jopuhicw (worn) {Regen+}
   (You found it on level 4 of the Dungeon)

   Regen+:    It increases your rate of health regeneration.
 E - a +2 ring mail of fire resistance (worn)
Jewellery
 c - an amulet of reflection (around neck)
 n - a ring of fire (right hand)
 s - a +6 ring of intelligence (left hand)
 v - a ring of poison resistance
 x - a ring of magical power
 L - an amulet of magic regeneration
Talismans
 F - a storm talisman
Wands
 b - a wand of flame (70)
 f - a wand of polymorph (1)
 K - a wand of charming (4)
Scrolls
 d - 5 scrolls of poison {unknown}
 g - 2 scrolls of vulnerability {unknown}
 i - 2 scrolls of amnesia {unknown}
 k - 5 scrolls of teleportation {unknown}
 l - 4 scrolls of revelation {unknown}
 m - 2 scrolls of fear
 p - 4 scrolls of immolation {unknown}
 r - a scroll of fog {unknown}
 y - 5 scrolls of enchant armour {unknown}
 D - 12 scrolls of identify
 H - a scroll of silence {unknown}
Potions
 h - a potion of lignification
 j - a potion of cancellation
 o - 2 potions of invisibility
 q - a potion of mutation
 t - a potion of degeneration
 A - 3 potions of curing
 B - a potion of ambrosia
 C - a potion of attraction
 J - a potion of haste {unknown}
Miscellaneous
 w - a lightning rod (4/4)


   Skills:
 + Level 5.1 Fighting
 + Level 5.9 Armour
 + Level 8.0 Dodging
 + Level 6.8 Stealth
 + Level 6.7 Shields
 * Level 13.0 Unarmed Combat


You had 11 spell levels left.
You didn't know any spells.
Your spell library contained the following spells:

 Spells                   Type           Power      Damage    Failure   Level
 Foxfire                  Conj/Fire      0%         2x1d4     26%         1
 Freeze                   Ice            0%         1d3       26%         1
 Cigotuvi's Dreadful Rot  Necr/Alch/Air  0%         N/A       36%         2
 Ensorcelled Hibernation  Hex/Ice        0%         N/A       36%         2
 Lesser Beckoning         Tloc           0%         N/A       36%         2
 Dazzling Flash           Conj/Hex       0%         N/A       58%         3
 Frozen Ramparts          Ice            0%         1d1       58%         3
 Gell's Gravitas          Tloc           0%         N/A       58%         3
 Hailstorm                Conj/Ice       0%         3d5       58%         3
 Mephitic Cloud           Conj/Alch/Air  0%         N/A       58%         3
 Passwall                 Erth           0%         N/A       58%         3
 Stone Arrow              Conj/Erth      0%         3d7       58%         3
 Swiftness                Air            0%         N/A       58%         3
 Teleport Other           Tloc           0%         N/A       58%         3
 Volatile Blastmotes      Fire/Tloc      0%         2d10      58%         3
 Animate Armour           Summ/Erth      0%         N/A       92%         4
 Dispel Undead            Necr           0%         3d6       92%         4
 Fulminant Prism          Conj/Alch      0%         3d5       92%         4
 Iskenderun's Mystic Bla  Conj/Tloc      0%         2d3       92%         4
 Martyr's Knell           Necr/Summ      0%         N/A       92%         4
 Curse of Agony           Necr           0%         N/A       99%         5
 Silence                  Hex/Air        0%         N/A       99%         5
 Summon Forest            Summ/Tloc      0%         N/A       99%         5
 Summon Mana Viper        Hex/Summ       0%         N/A       99%         5
 Death Channel            Necr           0%         N/A       100%        6
 Plasma Beam              Fire/Air       0%         2x1d10    100%        6
 Starburst                Conj/Fire      0%         6d3       100%        6
 Summon Cactus Giant      Summ           0%         N/A       100%        6
 Lehudib's Crystal Spear  Conj/Erth      0%         10d2      100%        8


Dungeon Overview and Level Annotations

Branches:
Dungeon (12/15)            Temple (0/1) D:5            Lair (0/5) D:10
    Orc (0/2) D:10         Bailey (visited)

Altars:
Ashenzari
Dithmenos
Hepliaklqana
Okawaru
Sif Muna
Vehumet
Xom

Shops:
D:7 *

Annotations:
D:12 Azrael


Innate Abilities, Weirdness & Mutations

You are mostly covered in icy blue scales. (AC +3)
Your demonic aura causes all spilled blood to erupt in flames.
Your touch may inflict irresistible damage on your foes.
You have razor-sharp toenails.
You have a somewhat thin skeletal structure. (Dex +2, Stealth+)
Your skin changes colour to match your surroundings (Stealth+).
Your mind is very acute. (Int +8, Str/Dex -2)
Your flesh is almost immune to the effects of cold. (rC+++)
Your system is resistant to poisons. (rPois)
You are robust. (+10% HP)
You are resistant to electric shocks. (rElec)
Your muscles are strong. (Str +4, Int/Dex -1)
Your spells are a little harder to cast, but a little more powerful.
You expend magic power (3 MP) to strengthen your wands.


Message History

Azrael is moderately wounded.
Azrael hits you with a +4 scimitar of flaming!
Azrael burns you.
You completely miss Azrael.
Azrael is moderately wounded.
Azrael hits you with a +4 scimitar of flaming.
You barely miss Azrael.
You touch Azrael!
Azrael is moderately wounded.
Azrael hits you with a +4 scimitar of flaming!
Azrael burns you.
You punch Azrael! Your kick misses Azrael. Your touch misses Azrael.
Azrael is heavily wounded.
You punch Azrael!
You touch Azrael!
Azrael is severely wounded.
You block Azrael's attack.
You punch Azrael!
Azrael is severely wounded.
Azrael hits you with a +4 scimitar of flaming!
Azrael burns you.
You barely miss Azrael. Your kick misses Azrael.
Azrael is severely wounded.
Azrael hits you with a +4 scimitar of flaming!
Azrael burns you.
You hit Azrael but do no damage. You claw Azrael, but do no damage.
Azrael is severely wounded.
You barely miss Azrael. You claw Azrael, but do no damage.
You touch Azrael!
Azrael is almost dead.
Azrael hits you with a +4 scimitar of flaming!
* * * LOW HITPOINT WARNING * * *
Azrael burns you.
* * * LOW HITPOINT WARNING * * *
You hit Azrael but do no damage.
Azrael is almost dead.
Azrael gestures at you. The bolt of fire hits you. You resist.
* * * LOW HITPOINT WARNING * * *
You feel better. Azrael gestures at you.
The sphere of damnation explodes!
The damnation engulfs you!!
You die...

#.# #.# # #.#
.# #.###. ###
#.#.. #
...#.#.# .# ∆
...##.#R#.#..#
......☼@..#..#
...##.#......#
# #<..#.##
#<....#
#.#.### #.#...
#.###.# ... .#
..# #


You could see Azrael.

Vanquished Creatures
  A yaktaur captain (D:10)
  4 two-headed ogres
  The ghost of WhiteBreeze the Martial Artist, a novice OpSh of Cheibriados (D:7)
  A deep elf pyromancer (D:10)
  2 cyclopes
  An ugly thing (D:10)
  A salamander (shapeshifter) (D:10)
  A gargoyle (D:10)
  2 trolls
  2 hornets
  3 wyverns
  A vampire (D:10)
  A wraith (D:10)
  2 spriggans (Bailey)
  13 yaks
  2 fire elementals (D:12)
  3 steam dragons
  2 vampire mosquitoes (D:10)
  A basilisk (D:10)
  4 water moccasins
  2 hell hounds (D:12)
  A black bear (D:7)
  4 orc warriors
  2 ice beasts
  3 centaurs
  12 ogres
  3 kobold brigands
  2 gnoll sergeants
  2 bullfrogs
  A scorpion (D:6)
  6 wights
  Dowan (D:7)
  8 killer bees (D:9)
  2 hounds (D:4)
  3 jellies
  9 orc priests
  Jessica (D:2)
  Ijyb (D:3)
  5 iguanas
  A sleepcap (D:6)
  8 orc wizards
  6 gnolls
  9 adders
  3 shadow imps (D:5)
  A white imp (D:6)
  5 ufetubi
  2 dart slugs
  48 orcs
  4 ball pythons
  3 endoplasms
  4 giant cockroaches
  5 goblins
  10 hobgoblins
  5 jackals
  14 kobolds
  4 quokkas
  5 bats
  2 frilled lizards
  3 rats
258 creatures vanquished.

Vanquished Creatures (collateral kills)
  A yak (D:10)
  A water moccasin (D:10)
  Duvessa (D:7)
  An ice beast (D:5)
  A kobold brigand (D:6)
  An orc priest (D:8)
  An orc wizard (D:10)
  An ufetubus (D:6)
  2 orcs
  A kobold (D:6)
11 creatures vanquished.

Grand Total: 269 creatures vanquished

Notes
Turn   | Place    | Note
-------+----------+-------------------------------------------
     0 | D:1      | PidgeyThePirate the Demonspawn Chaos Knight began the quest
                  | for the Orb.
     0 | D:1      | Reached XP level 1. HP: 18/18 MP: 1/1
    65 | D:1      | XOM: silly message
    66 | D:1      | XOM: confuse monster(s)
    86 | D:1      | Gained mutation: Your demonic aura sometimes causes spilled
                  | blood to erupt in flames. [demonic ancestry]
    86 | D:1      | Reached XP level 2. HP: 24/24 MP: 2/2
   118 | D:1      | Reached skill level 3 in Unarmed Combat
   505 | D:1      | XOM: confuse monster(s)
   514 | D:1      | XOM: fog
   516 | D:1      | Reached skill level 1 in Dodging
   902 | D:2      | Noticed Jessica
   907 | D:2      | Killed Jessica
   908 | D:2      | Reached XP level 3. HP: 29/29 MP: 3/3
   961 | D:2      | XOM: noise
   994 | D:2      | Found a faded altar of an unknown god.
  1004 | D:2      | Got Plato's Spellbook of Glaciation
  1031 | D:2      | XOM: give mutations
  1031 | D:2      | Gained mutation: Your skin changes colour to match your
                  | surroundings (Stealth+). [Xom's mischief]
  1031 | D:2      | Gained mutation: You passively map a small area around you.
                  | [Xom's mischief]
  1031 | D:2      | Gained mutation: You have large cloven feet. [Xom's
                  | mischief]
  1031 | D:2      | Gained mutation: You have hoof-like feet. [Xom's mischief]
  1131 | D:2      | XOM: 2-stop teleportation journey
  1656 | D:3      | Reached XP level 4. HP: 29/35 MP: 4/4
  1677 | D:3      | XOM: god gift: staff of air
  1679 | D:3      | Noticed Ijyb
  1703 | D:3      | Killed Ijyb
  1777 | D:3      | Reached skill level 1 in Stealth
  1777 | D:3      | Reached skill level 4 in Unarmed Combat
  1779 | D:3      | XOM: cast spell 'Cause Fear'
  1782 | D:3      | Reached XP level 5. HP: 31/41 MP: 5/5
  1795 | D:3      | HP: 2/41 [poisoned by an orc wizard]
  2478 | D:4      | XOM: blink monster(s)
  2685 | D:4      | Gained mutation: You are partially covered in icy blue
                  | scales. (AC +2) [demonic ancestry]
  2685 | D:4      | Reached XP level 6. HP: 47/47 MP: 6/6
  2837 | D:4      | Found a radiant altar of Vehumet.
  2837 | D:4      | Found a shimmering blue altar of Sif Muna.
  2843 | D:4      | Found a shimmering altar of Xom.
  2845 | D:4      | Found a hazy altar of Hepliaklqana.
  2848 | D:4      | Found a shadowy altar of Dithmenos.
  2854 | D:4      | Found a broken altar of Ashenzari.
  2872 | D:4      | Reached skill level 5 in Unarmed Combat
  3058 | D:4      | Identified the +0 pair of gloves "Uzodyrgh" {-Tele rElec
                  | rF++ rN+}
  3115 | D:4      | XOM: noise
  3304 | D:4      | XOM: god gift: staff of earth
  3326 | D:4      | XOM is BORED!
  3372 | D:4      | Identified the +1 pair of gloves of Jopuhicw {Regen+}
  3417 | D:4      | XOM: scenery: summon butterflies
  3748 | D:5      | Entered Level 5 of the Dungeon
  3795 | D:5      | Noticed an ice beast
  3795 | D:5      | XOM: summons 6 friendly demons
  3798 | D:5      | Killed an ice beast
  3799 | D:5      | Gained mutation: Your touch may inflict minor irresistible
                  | damage on your foes. [demonic ancestry]
  3799 | D:5      | Reached XP level 7. HP: 53/53 MP: 7/7
  3977 | D:5      | XOM: scenery: summon butterflies
  3981 | D:5      | Reached skill level 6 in Unarmed Combat
  4479 | D:5      | XOM: scenery: summon butterflies
  4538 | D:5      | Reached skill level 1 in Shields
  4579 | D:5      | XOM: give mutations
  4579 | D:5      | Gained mutation: You have hidden genetic potential. [Xom's
                  | grace]
  4579 | D:5      | Gained mutation: You passively map the area around you.
                  | [Xom's grace]
  4579 | D:5      | Lost mutation: You have hoof-like feet. [Xom's grace]
  4579 | D:5      | Lost mutation: You have large cloven feet. [Xom's grace]
  4579 | D:5      | Gained mutation: You have sharp toenails. [Xom's grace]
  4579 | D:5      | Gained mutation: You have a pair of small horns on your
                  | head. [Xom's grace]
  4878 | D:5      | Found a staircase to the Ecumenical Temple.
  4894 | D:5      | XOM: give mutation
  4894 | D:5      | Gained mutation: You are agile. (Dex +4, Str/Int -1) [Xom's
                  | grace]
  5131 | D:6      | XOM: god gift: book of the Senses
  5189 | D:6      | Reached skill level 9 in Unarmed Combat
  5189 | D:6      | Gained mutation: Your demonic aura often causes spilled
                  | blood to erupt in flames. [demonic ancestry]
  5189 | D:6      | Reached XP level 8. HP: 60/60 MP: 8/8
  5221 | D:6      | Gained mutation: Your demonic aura causes all spilled blood
                  | to erupt in flames. [demonic ancestry]
  5221 | D:6      | Reached XP level 9. HP: 63/65 MP: 9/9
  5388 | D:6      | Gained mutation: You have razor-sharp toenails. [hidden
                  | potential]
  5389 | D:6      | XOM: god gift: 6 stones
  5687 | D:6      | XOM: give mutations
  5687 | D:6      | Gained mutation: You are resistant to electric shocks.
                  | (rElec) [Xom's grace]
  5687 | D:6      | Gained mutation: Your muscles are strong. (Str +4, Int/Dex
                  | -1) [Xom's grace]
  5687 | D:6      | Gained mutation: Your mind is acute. (Int +4, Str/Dex -1)
                  | [Xom's grace]
  5687 | D:6      | Gained mutation: Your flesh is cold resistant. (rC+) [Xom's
                  | grace]
  5714 | D:7      | Noticed Duvessa
  5715 | D:7      | Noticed Dowan
  5719 | D:7      | Killed Duvessa
  5721 | D:7      | Killed Dowan
  5759 | D:7      | Found an iron altar of Okawaru.
  5828 | D:7      | Found Qolleoza's Assorted Antiques.
  6393 | D:7      | XOM: give mutations
  6393 | D:7      | Gained mutation: You are strong-willed. (Will+) [Xom's
                  | grace]
  6393 | D:7      | Gained mutation: You have a somewhat thin skeletal
                  | structure. (Dex +2, Stealth+) [Xom's grace]
  6393 | D:7      | Gained mutation: Your flesh is very cold resistant. (rC++)
                  | [Xom's grace]
  6393 | D:7      | Gained mutation: Your muscles are very strong. (Str +8,
                  | Int/Dex -2) [Xom's grace]
  6443 | D:7      | Found a transporter.
  6449 | D:7      | Noticed WhiteBreeze's ghost (novice OpSh)
  6560 | D:7      | XOM: give mutations
  6560 | D:7      | Gained mutation: You expend magic power (3 MP) to
                  | strengthen your wands. [Xom's grace]
  6560 | D:7      | Gained mutation: Your system is resistant to poisons.
                  | (rPois) [Xom's grace]
  6560 | D:7      | Gained mutation: You passively dampen the noise of your
                  | surroundings. [Xom's grace]
  6560 | D:7      | Gained mutation: You are robust. (+10% HP) [Xom's grace]
  6590 | D:7      | XOM: give mutations
  6590 | D:7      | Gained mutation: Your flesh is almost immune to the effects
                  | of cold. (rC+++) [Xom's grace]
  6590 | D:7      | Gained mutation: Your mind is very acute. (Int +8, Str/Dex
                  | -2) [Xom's grace]
  6650 | D:7      | XOM: summons 2 hostile shadow creatures
  6713 | D:7      | Found a transporter.
  6714 | D:7      | Lost mutation: Your muscles are very strong. (Str +8,
                  | Int/Dex -2) [potion of mutation]
  6714 | D:7      | Lost mutation: You passively map the area around you.
                  | [potion of mutation]
  6714 | D:7      | Lost mutation: You passively map a small area around you.
                  | [potion of mutation]
  6714 | D:7      | XOM: noise
  6718 | D:7      | XOM: stat loss: -1 Int (25/26)
  6736 | D:7      | XOM: swap monsters
  6737 | D:7      | Killed WhiteBreeze's ghost
  6881 | D:8      | XOM: confusion
  6885 | D:8      | XOM: 1-stop teleportation journey
  6917 | D:8      | Noticed a two-headed ogre
  6926 | D:8      | Killed a two-headed ogre
  6927 | D:8      | Reached skill level 10 in Unarmed Combat
  6927 | D:8      | Gained mutation: You are mostly covered in icy blue scales.
                  | (AC +3) [demonic ancestry]
  6927 | D:8      | Reached XP level 10. HP: 68/80 MP: 10/10
  6930 | D:8      | Gained mutation: Your spells are a little harder to cast,
                  | but a little more powerful. [hidden potential]
  6930 | D:8      | Lost mutation: You have hidden genetic potential. [hidden
                  | potential expressed]
  7031 | D:8      | Identified the +1 leather armour of Gozag's Felicitations
                  | {+Inv Int+2}
  7102 | D:8      | XOM: stat loss: -1 Str (16/17)
  7241 | D:8      | Identified the +5 long sword of the Priest {drain, rN+
                  | Int+2}
  7279 | D:8      | XOM: god gift: 3 darts of dispersal
  7295 | D:8      | XOM: confusion (+ monsters)
  7746 | D:8      | XOM: summons 1 hostile demon
  7868 | D:9      | XOM: noise
  7871 | D:9      | XOM: polymorph orc warrior -> orc warrior
  8046 | D:9      | Reached skill level 5 in Stealth
  8113 | D:9      | XOM: enchant monster (bad)
  8120 | D:9      | XOM: cast spell 'Dispersal'
  8327 | D:9      | XOM: 1-stop teleportation journey
  8626 | D:9      | XOM: stat loss: -1 Str (16/17)
  8772 | D:10     | Entered Level 10 of the Dungeon
  8798 | D:10     | Reached skill level 5 in Armour
  8820 | D:10     | Found a staircase to the Lair.
  8822 | D:10     | XOM: 4-stop teleportation journey
  8885 | D:10     | XOM: enchant monster (bad)
  8887 | D:10     | XOM: confusion (+ monsters)
  8973 | D:10     | Noticed a cyclops
  8988 | D:10     | XOM: silly message
  8992 | D:10     | Killed a cyclops
  8992 | D:10     | Noticed a two-headed ogre
  9000 | D:10     | Reached skill level 11 in Unarmed Combat
  9006 | D:10     | XOM: divination: magic mapping
  9010 | D:10     | Gained mutation: Your touch may inflict irresistible damage
                  | on your foes. [demonic ancestry]
  9010 | D:10     | Reached XP level 11. HP: 50/85 MP: 11/11
  9014 | D:10     | Killed a two-headed ogre
  9040 | D:10     | Found a flagged portal.
  9054 | D:10     | XOM: 3-stop teleportation journey
  9102 | Bailey   | Entered a bailey
  9179 | Bailey   | XOM: 1-stop teleportation journey
  9244 | Bailey   | Noticed a two-headed ogre
  9244 | Bailey   | XOM: 1-stop teleportation journey
  9245 | Bailey   | XOM: give mutations
  9245 | Bailey   | Lost mutation: You have a pair of small horns on your head.
                  | [Xom's mischief]
  9245 | Bailey   | Lost mutation: You are agile. (Dex +4, Str/Int -1) [Xom's
                  | mischief]
  9245 | Bailey   | Lost mutation: You are strong-willed. (Will+) [Xom's
                  | mischief]
  9247 | Bailey   | Killed a two-headed ogre
  9295 | Bailey   | XOM: give mutation
  9295 | Bailey   | Gained mutation: Your muscles are very strong. (Str +8,
                  | Int/Dex -2) [Xom's grace]
  9397 | D:10     | Reached skill level 12 in Unarmed Combat
  9400 | D:10     | Reached skill level 5 in Fighting
  9476 | D:10     | XOM: confuse monster(s)
  9525 | D:10     | XOM: give mutations
  9525 | D:10     | Lost mutation: Your muscles are very strong. (Str +8,
                  | Int/Dex -2) [Xom's mischief]
  9525 | D:10     | Lost mutation: You passively dampen the noise of your
                  | surroundings. [Xom's mischief]
  9684 | D:10     | Noticed a cyan ugly thing
  9684 | D:10     | Noticed a deep elf pyromancer
  9684 | D:10     | Noticed a yaktaur captain
  9701 | D:10     | Killed a cyan ugly thing
  9715 | D:10     | Killed a yaktaur captain
  9724 | D:10     | XOM: divination: detect creatures
  9724 | D:10     | Killed a deep elf pyromancer
  9729 | D:10     | XOM: butterfly on damage
  9919 | D:10     | Noticed a two-headed ogre
  9929 | D:10     | Killed a two-headed ogre
 10031 | D:10     | Found a staircase to the Orcish Mines.
 10205 | D:11     | XOM: cast spell 'Dispersal'
 10296 | D:11     | XOM: confuse monster(s)
 10305 | D:11     | XOM: scenery: summon butterflies
 10325 | D:11     | XOM: fog
 10352 | D:11     | Identified the +6 rapier of Innocence {speed, rC++ Str-5
                  | Int+5}
 10370 | D:11     | Reached XP level 12. HP: 94/94 MP: 12/12
 10634 | D:12     | Noticed Azrael
 10643 | D:12     | XOM: divination: detect items
 10644 | D:12     | XOM: summons 11 friendly demons
 10650 | D:12     | Reached skill level 13 in Unarmed Combat
 10739 | D:12     | Killed from afar by Azrael

Illustrated notes

Levels and vault maps discovered:
D:1:      dpeg_arrival_arbitrary_b, layout_basic
D:2:      layout_loops_ring, shapermc_ecumenical_altar_rom_forum, uniq_jessica
D:3:      cheibrodos_helix_gallery, layout_basic, uniq_ijyb
D:4:      layout_basic, nicolae_overflow_hallway_of_the_gods,
          kennysheep_nondescript, grunt_ministairs_15
D:5:      layout_layer_cave, minmay_temple_entry_glass, serial_demonic,
          serial_demonic_f, serial_demonic_g, serial_demonic_g,
          serial_demonic_c, serial_demonic_c, serial_demonic_b
D:6:      minmay_inner_zag, layout_cave_pools,
          serial_library_regret_index_split_case
D:7:      layout_basic, okawaru_trees_2, serial_shops,
          nicolae_shop_tiny_real_fake_doors, gammafunk_ghost_smash,
          minmay_misc_feat_x, uniq_duvessa
D:8:      layout_basic
D:9:      layout_stronghold, hex_large
D:10:     layout_loops_ring, minmay_lair_entry_grove, hiddenorc1_lemuel,
          enter_bailey_4, chequers_serial_rivers_micro_d, wad_scary_box
D:11:     layout_cave_pools
D:12:     layout_basic, uniq_azrael

Skill      XL: |  1  2  3  4  5  6  7  8  9 10 11 12 |
---------------+-------------------------------------+-----
Unarmed Combat | 3 4 5 9 10 11 12 13 | 13.0
Armour         | 2 3 4 5 |  5.9
Dodging        | 1 2 7 8 |  8.0
Stealth        | 1 2 4 5 6 |  6.8
Fighting       | 4 5 |  5.1
Shields        | 6 |  6.7

Action                     |  1- 3 |  4- 6 |  7- 9 | 10-12 || total
---------------------------+-------+-------+-------+-------++-------
  Melee: Unarmed           |    88 |   155 |   151 |   314 ||   708
         Punch             |     5 |     4 |     5 |    21 ||    35
         Kick              |     4 |    39 |    53 |   108 ||   204
         Touch             |       |       |    25 |    61 ||    86
         Headbutt          |       |       |    15 |    40 ||    55
    Use: Scroll            |     3 |       |     5 |       ||     8
         Potion            |       |     4 |     3 |    11 ||    18
   Stab: Confused          |     2 |       |     1 |     5 ||     8
         Sleeping          |     2 |     2 |    10 |    10 ||    24
         Distracted        |     1 |       |     1 |     2 ||     4
         Invisible         |       |       |       |    10 ||    10
 Armour: Leather armour    |    36 |    82 |    74 |       ||   192
         Skin              |       |     5 |       |       ||     5
         Ring mail         |       |       |    20 |   187 ||   207
  Dodge: Dodged            |    53 |    83 |    99 |   222 ||   457
  Block: Other             |       |    11 |    29 |    57 ||    97
         Reflection        |       |     1 |       |     2 ||     3

Table legend: (Time is in decaauts)
 A = Elapsed time spent in this place.
 B = Non-inter-level travel time spent in this place.
 C = Inter-level travel time spent in this place.
 D = Time resting spent in this place.
 E = Time spent auto-exploring this place.
 F = Levels seen in this place.
 G = Mean time per level.
                   A        B        C        D        E       F      G
               +--------+--------+--------+--------+--------+-----+--------+
         Total |  10653 |   9912 |    741 |      0 |   7546 |  13 |  819.5 |
       Dungeon |  10417 |   9676 |    741 |      0 |   7495 |  12 |  868.1 |
        Bailey |    236 |    236 |      0 |      0 |     50 |   1 |  236.0 |
               +--------+--------+--------+--------+--------+-----+--------+

Top non-repeatable levels by time:
     D:5: 1345 daAuts
     D:4: 1291 daAuts
    D:10: 1182 daAuts
     D:7: 1146 daAuts
     D:9: 978 daAuts
     D:8: 907 daAuts
     D:1: 879 daAuts
     D:3: 821 daAuts
     D:2: 735 daAuts
     D:6: 600 daAuts
    D:11: 485 daAuts
  Bailey: 236 daAuts
    D:12: 40 daAuts
